 Dungeon Crawl Stone Soup version 0.16-a0-3326-gb44eaf1 (webtiles) character file.

4433 Gorice the Cleaver (level 10, 0/80 HPs)
             Began as a Hill Orc Wanderer on Dec 27, 2014.
             Was a Priest of Okawaru.
             Slain by a two-headed ogre
             ... wielding a +0 giant club
              (4 damage)
             ... on level 9 of the Dungeon.
             The game lasted 01:11:34 (9871 turns).

Gorice the Cleaver (Hill Orc Wanderer)              Turns: 9871, Time: 01:11:34

Health: 0/80       AC: 15    Str: 18    XL:     10   Next: 36%
Magic:  15/17      EV: 11    Int: 10    God:    Okawaru [***...]
Gold:   369        SH:  0    Dex: 13    Spells: 0 memorised, 9 levels left

rFire  . . .     SeeInvis .     a - +0 broad axe
rCold  . . .     Clarity  .     F - +0 chain mail
rNeg   . . .     SustAb   .     (no shield)
rPois  .         Gourm    .     (no helmet)
rElec  .         Spirit   .     (no cloak)
rCorr  +         Warding  .     r - +1 pair of gloves
rMut   .         Stasis   .     (no boots)
MR     .....                    x - amulet of resist corrosion
Stlth  ..........               (no ring)
                                (no ring)

@: heroism, not resistant to hostile enchantments, extremely unstealthy
A: no striking features
a: Heroism, Renounce Religion


You were on level 9 of the Dungeon.
You worshipped Okawaru.
Okawaru was most pleased with you.
You were very hungry.

You visited 2 branches of the dungeon, and saw 10 of its levels.

You collected 429 gold pieces.
You spent 60 gold pieces at shops.

Inventory:

Hand weapons
 a - a +0 broad axe (weapon)
 b - a +2 shortbow of flaming
 B - a +0 blowgun
 E - a +1 hand axe
 R - a +2 shortbow
 S - a +0 war axe
 W - a +1 spear
 X - a +0 spear
Missiles
 d - 144 arrows
 p - 10 arrows of frost
 t - 4 javelins (quivered)
 u - 66 poisoned needles
 N - 18 arrows of flame
 Z - 423 stones
Armour
 n - a +0 ring mail
 r - a +1 pair of gloves (worn)
 F - a +0 chain mail (worn)
 I - a +2 leather armour of cold resistance
 J - a +0 scale mail
Jewellery
 i - an uncursed ring of wizardry
 l - an uncursed amulet of resist mutation
 x - an amulet of resist corrosion (around neck)
 D - an uncursed ring of ice
Magical devices
 e - a wand of disintegration (8)
 A - a wand of fireball (3)
 G - a wand of random effects (33)
 K - a wand of lightning (5)
 L - a wand of random effects (41)
Scrolls
 c - a scroll of teleportation
 m - 4 scrolls of remove curse
 y - a scroll of fog
 T - a scroll of silence {unknown}
Potions
 h - 3 potions of brilliance {unknown}
 j - 3 potions of resistance
 k - a potion of restore abilities
 o - 4 potions of curing
 s - a potion of lignification {unknown}
 v - a potion of agility
 z - 5 potions of might
 C - a potion of cancellation {unknown}
 H - a potion of poison {unknown}
 M - a potion of cure mutation {unknown}
 Q - a potion of haste {unknown}
Books
 O - a Young Poisoner's Handbook

   Spells                             Type                      Level
   a - Sting                          Conjuration/Poison           1
   b - Cure Poison                    Poison                       2
   c - Mephitic Cloud                 Conjuration/Poison/Air       3
   d - Olgreb's Toxic Radiance        Poison                       4
   e - Venom Bolt                     Conjuration/Poison           5
 U - a book of Enchantments

   Spells                             Type                      Level
   a - Tukima's Dance                 Hexes                        3
   b - Cause Fear                     Hexes                        4
   c - Silence                        Hexes/Air                    5
   d - Deflect Missiles               Charms/Air                   6
   e - Haste                          Charms                       6
   f - Discord                        Hexes                        8
Comestibles
 f - 5 meat rations
 g - 9 fruits
 q - 2 royal jellies
 w - 6 bread rations
 P - a beef jerky


   Skills:
 - Level 4.8(9.8) Fighting
 * Level 14.3(19.3) Axes
 - Level 1.8(6.8) Bows
 + Level 8.7(13.7) Armour
 - Level 2.0(7.0) Dodging
 - Level 1.0(6.0) Stealth
 - Level 4.2 Invocations
 - Level 2.0 Evocations


You had 9 spell levels left.
You didn't know any spells.

Dungeon Overview and Level Annotations

Branches:
Dungeon (9/15)             Temple (1/1) D:4            Lair (0/8) D:9
    Orc: D:9-12

Altars:
Ashenzari
Cheibriados
Dithmenos
Elyvilon
Fedhas
Gozag
Kikubaaqudgha
Nemelex Xobeh
Okawaru
Ru
Sif Muna
Trog
Vehumet
Xom
Yredelemnul
Zin
The Shining One

Shops:
D:7 ?


Message History

You gain the combat prowess of a mighty hero.
You feel slightly more hungry. The troll bites you but does no damage.
The troll barely misses you. The troll claws you.
* * * LOW HITPOINT WARNING * * *
Unknown command.
You barely miss the troll.
The troll is almost dead.
An orc comes into view. It is wielding a mace of holy wrath.
You closely miss the troll.
The troll is almost dead.
The orc shouts!
The troll misses you. The troll barely misses you.
The troll claws you but does no damage.
The orc throws a tomahawk.
The tomahawk hits you but does no damage.
You barely miss the troll.
The troll is almost dead.
You hit the two-headed ogre.
The two-headed ogre is lightly wounded.
The two-headed ogre hits you with a giant club.
You die...

....####
...... ..
(.... ...
#...# ..
#...# ..
#.(.# ..
#.(.#
#OT.#
#.@.# #
#...# #.
#...# #
#.#
#...###.#
#.### #
#..))...#
#...# #
#.......#
#...###
..
#..)....#
#....)†
....
#.)###..#
#...)).
.....#.o#
#..#
#......


You could see a troll, a two-headed ogre and an orc.

Vanquished Creatures
  Pikel (D:5)
  A merfolk (D:9)
  Grum (D:9)
  4 wolves (D:9)
  A hungry ghost (D:8)
  2 slaves (D:5)
  3 orc warriors
  2 phantoms
  3 ogres
  5 centaurs
  A big kobold (D:9)
  A water moccasin zombie (D:5)
  6 giant frogs
  A scorpion (D:5)
  A water moccasin skeleton (D:7)
  A wyvern skeleton (D:7)
  6 crimson imps
  A jelly (D:9)
  9 orc priests
  2 hounds (D:6)
  A centaur skeleton (D:7)
  2 iguanas
  3 worker ants
  4 orc wizards
  A hound skeleton (D:6)
  A hound zombie (D:7)
  2 worker ant zombies
  14 adders
  A gnoll (D:2)
  2 shadow imps
  4 worms
  2 oozes (D:2)
  34 orcs
  A ball python (D:3)
  25 bats
  A bat skeleton (D:7)
  7 giant cockroaches
  2 gnoll zombies (D:3)
  17 goblins
  15 hobgoblins
  9 jackals
  6 quokkas
  4 giant geckos
  A giant gecko zombie (D:6)
  9 giant newts
  A giant spore (D:8)
  A jackal skeleton (D:6)
  18 kobolds
  A quokka skeleton (D:4)
  12 rats
  A ballistomycete (D:8)
254 creatures vanquished.

Notes
Turn   | Place    | Note
--------------------------------------------------------------
     0 | D:1      | Gorice, the Hill Orc Wanderer, began the quest for the Orb.
     0 | D:1      | Gorice set off with: a +2 shortbow, 2 potions of curing, a +0 robe, 18 arrows, a meat ration
     0 | D:1      | Reached XP level 1. HP: 22/22 MP: 1/1
   106 | D:1      | Reached XP level 2. HP: 28/28 MP: 2/2
   408 | D:1      | Reached XP level 3. HP: 35/35 MP: 4/4
   731 | D:1      | Reached skill level 1 in Axes
  1112 | D:2      | Reached XP level 4. HP: 37/41 MP: 5/5
  1287 | D:2      | Found a snail-covered altar of Cheibriados.
  1734 | D:2      | Found a blossoming altar of Fedhas.
  1987 | D:3      | Found a white marble altar of Elyvilon.
  2110 | D:3      | Reached XP level 5. HP: 45/47 MP: 6/6
  2922 | D:3      | Found a basalt altar of Yredelemnul.
  3136 | D:4      | Noticed an ogre
  3261 | D:4      | Found an opulent altar of Gozag.
  3389 | D:4      | Reached skill level 5 in Axes
  3389 | D:4      | Reached XP level 6. HP: 43/55 MP: 8/8
  3467 | D:4      | Found a staircase to the Ecumenical Temple.
  3475 | Temple   | Entered the Ecumenical Temple
  3515 | Temple   | Became a worshipper of Warmaster Okawaru
  4311 | D:5      | Entered Level 5 of the Dungeon
  4401 | D:5      | Reached skill level 6 in Axes
  4648 | D:6      | Reached XP level 7. HP: 57/60 MP: 9/9
  4687 | D:6      | Reached skill level 7 in Axes
  4783 | D:6      | Found a sacrificial altar of Ru.
  4783 | D:6      | Found a bloodstained altar of Trog.
  4784 | D:6      | Found an opulent altar of Gozag.
  4806 | D:6      | Found a glowing golden altar of the Shining One.
  5373 | D:6      | Acquired Okawaru's first power
  5389 | D:6      | Reached skill level 8 in Axes
  5605 | D:6      | Reached XP level 8. HP: 59/67 MP: 10/10
  5700 | D:7      | Reached skill level 9 in Axes
  5700 | D:7      | Reached skill level 5 in Armour
  5815 | D:7      | Found Istaid's Magic Scroll Boutique.
  5819 | D:7      | Bought a scroll of identify for 24 gold pieces
  5819 | D:7      | Bought a scroll of remove curse for 36 gold pieces
  5873 | D:7      | Found a glowing silver altar of Zin.
  6361 | D:7      | Reached skill level 10 in Axes
  6524 | D:7      | Reached skill level 1 in Invocations
  7293 | D:5      | Noticed Pikel
  7327 | D:5      | Killed Pikel
  7327 | D:5      | Reached skill level 11 in Axes
  7327 | D:5      | Reached XP level 9. HP: 53/73 MP: 11/15
  8119 | D:8      | Reached skill level 12 in Axes
  8728 | D:9      | Reached skill level 13 in Axes
  8747 | D:9      | HP: 3/73 [centaur/arrow of frost (2)]
  8886 | D:9      | Noticed Grum
  9236 | D:8      | Reached XP level 10. HP: 78/80 MP: 17/17
  9322 | D:9      | Killed Grum
  9377 | D:9      | Found a staircase to the Lair.
  9600 | D:9      | Reached skill level 14 in Axes
  9868 | D:9      | HP: 3/80 [troll (5)]
  9871 | D:9      | Slain by a two-headed ogre

Action                   |  1- 3 |  4- 6 |  7- 9 | 10-12 || total
-------------------------+-------+-------+-------+-------++-------
Melee: Hand axe          |    73 |   212 |    24 |       ||   309
       War axe           |       |       |   260 |       ||   260
       Broad axe         |       |       |    57 |   116 ||   173
 Fire: Shortbow          |    53 |   155 |   165 |    32 ||   405
       Blowgun           |       |       |     8 |       ||     8
Invok: Heroism           |       |       |     2 |     4 ||     6
Evoke: Wand              |       |       |     2 |     2 ||     4
  Use: Scroll            |     4 |     2 |    10 |       ||    16
       Potion            |       |       |     5 |       ||     5
 Stab: Distracted        |     1 |       |       |       ||     1
       Sleeping          |       |       |     1 |       ||     1
  Eat: Chunk             |     1 |    11 |     9 |     2 ||    23
       Beef jerky        |       |       |     1 |       ||     1
       Bread ration      |       |       |     1 |       ||     1
